 Dungeon Crawl Stone Soup version 0.20.1-1-g8b1a95d (webtiles) character file.

226 DeXoteric the Poker (level 5, 0/46 HPs)
             Began as a Centaur Chaos Knight on Oct 24, 2017.
             Slain by an unseen horror (7 damage)
             ... on level 1 of the Abyss.
             The game lasted 00:08:35 (2729 turns).

DeXoteric the Poker (Centaur Chaos Knight)          Turns: 2729, Time: 00:08:38

Health: 0/46       AC:  8    Str: 16 (17) XL:     5   Next: 69%
Magic:  5/5        EV:  9    Int: 10 (11) God:    Xom [*.....]
Gold:   187        SH:  3    Dex:  8 (9)  Spells: 4/4 levels left

rFire    . . .     SeeInvis .   a - +0 spear (chaos)
rCold    . . .     Gourm    .   h - +0 buckler
rNeg     . . .     Faith    .   b - +2 leather armour
rPois    .         Spirit   .   (no helmet)
rElec    .         Reflect  .   s - +0 cloak
rCorr    .         Harm     .   C - +0 pair of gloves
MR       +....                  (no barding)
Stlth    ..........             (no amulet)
Regen    0.2/turn               (no ring)
MPRegen  0.1/turn               (no ring)

@: cleaving, very quick
A: claws 1, hooves 3, deformed body, deterioration 1, speed 2, magic resistance
1, sense surroundings 1, strong 1, tough skin 3
a: Renounce Religion


You were on level 1 of the Abyss.
You worshipped Xom.
You were a special plaything of Xom.
You were not hungry.

You visited 1 branch of the dungeon, and saw 3 of its levels.
You visited the Abyss 1 time.

You collected 187 gold pieces.

Inventory:

Hand Weapons
 a - a +0 spear of chaos (weapon)
Armour
 b - a +2 leather armour (worn)
 d - a +0 shield
   (You found it on level 1 of the Dungeon)
 h - a +0 buckler (worn)
   (You found it on level 1 of the Dungeon)
 s - a +0 cloak (worn)
   (You found it on level 2 of the Dungeon)
 C - a +0 pair of gloves (worn)
   (You found it on level 2 of the Dungeon)
Wands
 x - a wand of acid (2/15)
   (You found it on level 1 of the Abyss)
Scrolls
 c - 2 scrolls of remove curse {unknown}
 g - 2 scrolls of teleportation {unknown}
 k - a scroll of blinking {unknown}
 m - a scroll of amnesia {unknown}
 n - a scroll of magic mapping {unknown}
 o - a scroll of immolation {unknown}
 p - a scroll of fear {unknown}
 w - a scroll of enchant weapon {unknown}
 y - a scroll of identify {unknown}
 B - a scroll of enchant armour {unknown}
Potions
 e - 2 potions of haste {unknown}
 j - a potion of flight {unknown}
 l - 2 potions of heal wounds {unknown}
 r - 2 potions of curing {unknown}
 t - a potion of lignification {unknown}
 A - a potion of might {unknown}
Comestibles
 f - 4 chunks of flesh
 i - 2 royal jellies
 q - 4 bread rations
 v - 2 meat rations
 z - 3 fruits


   Skills:
 + Level 4.2 Fighting
 * Level 4.4 Polearms
 - Level 1.3 Armour
 - Level 0.6 Dodging
 + Level 1.8 Shields


You had 4 spell levels left.
You didn't know any spells.

Dungeon Overview and Level Annotations

Branches:
Dungeon (3/15)

Altars:
Ashenzari
Cheibriados
Zin

Annotations:
D:3 letownia's ghost, weakling DDNe


Innate Abilities, Weirdness & Mutations

You have hooves in place of feet.
Armour fits poorly on your strangely shaped body.
You cover ground very quickly.
You have extremely tough skin. (AC +3)
You have sharp fingernails.
Your body sometimes deteriorates upon taking damage.
You are resistant to hostile enchantments. (MR+)
You passively map a small area around you.
Your muscles are strong. (Str +2)


Message History

The golden eye turns its gaze towards you.
The golden eye blinks!
Found 19 bolts.
Found a pink potion.
r - 2 pink potions (gained 1)
Found a long ivory wand.
Your large abomination disappears in a puff of smoke!
A large abomination comes into view.
Found 44 gold pieces.
You see here a wand of acid (?/15).
x - a wand of acid (?/15);
C - a +0 pair of gloves (worn)
A large abomination comes into view.
Xom grants you a minor favour.
Your +0 spear of chaos looks sharp.
Some of the chunks of flesh in your inventory have rotted away.
Something hits you.
Deactivating autopickup; reactivate with Ctrl-A.
Something hits you but does no damage. Something hits you.
Your body deteriorates!
You feel dopey. Something hits you but does no damage. Something hits you!
Your body deteriorates!
You feel weakened. Something hits you!
* * * LOW HITPOINT WARNING * * *
Your body deteriorates!
You feel clumsy. Something hits you.
* * * LOW HITPOINT WARNING * * *
Okay, then.
Okay, then.
Wear which item? (? for menu, Esc to quit)
Okay, then.
Something hits you but does no damage. Something completely misses you.
Unknown command.
Something hits you.
* * * LOW HITPOINT WARNING * * *
Something hits you.
* * * LOW HITPOINT WARNING * * *
Something hits you but does no damage. Something hits you.
* * * LOW HITPOINT WARNING * * *
Something hits you but does no damage. Something hits you.
* * * LOW HITPOINT WARNING * * *
As you read the scroll labeled DOLAIS SAUZEMESS, it crumbles to dust.
The scroll dissolves into smoke.
It was a scroll of fog.
Something hits you!
You die... "It's all fun and games until someone loses an eye."

## §### #§§##
#@#.## ##{§.####
.#. ##.§§#...##...
#.....# ... #
##...## ..# . ##.##
#.## #.
##...###...###...
.#.....#.... #. ...
...................
..


There were no monsters in sight!

Vanquished Creatures
  Sigmund (D:2)
  2 adders
  An ooze (D:3)
  2 worms (D:2)
  An orc (D:3)
  6 bats
  A giant cockroach (D:1)
  5 goblins
  8 hobgoblins
  6 jackals (D:2)
  A frilled lizard (D:2)
  2 kobolds
  5 rats
41 creatures vanquished.

Notes
Turn   | Place    | Note
-------+----------+-------------------------------------------
     0 | D:1      | DeXoteric the Centaur Chaos Knight began the quest for the Orb.
     0 | D:1      | Reached XP level 1. HP: 19/19 MP: 1/1
   144 | D:1      | XOM: potion effect (might)
   145 | D:1      | Reached XP level 2. HP: 24/26 MP: 2/2
   185 | D:1      | XOM: divination: magic mapping
   344 | D:1      | XOM: divination: detect items
   643 | D:2      | Found a snail-covered altar of Cheibriados.
   675 | D:2      | Reached XP level 3. HP: 31/31 MP: 3/3
   767 | D:2      | Noticed Sigmund
   767 | D:2      | XOM: divination: magic mapping
   918 | D:1      | XOM: divination: detect creatures
   994 | D:1      | XOM: divination: detect creatures
  1019 | D:2      | Reached skill level 1 in Shields
  1027 | D:2      | XOM: silly message
  1222 | D:2      | Found a glowing silver altar of Zin.
  1240 | D:2      | XOM: fog
  1623 | D:2      | XOM: smoke on damage
  1753 | D:1      | XOM: give mutations
  1753 | D:1      | Gained mutation: Your muscles are strong. (Str +2) [Xom's grace]
  1753 | D:1      | Gained mutation: You have sharp fingernails. [Xom's grace]
  1753 | D:1      | Gained mutation: You are resistant to hostile enchantments. (MR+) [Xom's grace]
  1753 | D:1      | Gained mutation: You passively map a small area around you. [Xom's grace]
  1764 | D:2      | XOM: butterfly on damage
  1766 | D:2      | Killed Sigmund
  1766 | D:2      | Reached XP level 4. HP: 13/40 MP: 4/4
  1766 | D:2      | Reached XP level 5. HP: 15/46 MP: 5/5
  1963 | D:2      | XOM: medium Chrm miscast
  1978 | D:2      | XOM: give mutation
  1978 | D:2      | Gained mutation: Your body sometimes deteriorates upon taking damage. [Xom's mischief]
  2296 | D:3      | Found a shattered altar of Ashenzari.
  2311 | D:3      | XOM: confuse monster(s)
  2469 | D:3      | Noticed letownia's ghost (weakling DDNe)
  2487 | D:3      | XOM: 3-stop teleportation journey
  2560 | D:3      | XOM: severe Tloc miscast
  2560 | D:3      | Cast into level 1 of the Abyss (the severe capriciousness of Xom)
  2570 | Abyss:1  | XOM: harmless Fire miscast
  2634 | Abyss:1  | Found a corrupted altar of Lugonu.
  2647 | Abyss:1  | Noticed a lich
  2647 | Abyss:1  | Noticed an ice beast
  2647 | Abyss:1  | XOM: enchant monster (good)
  2651 | Abyss:1  | XOM: cast spell 'Summon Horrible Things'
  2659 | Abyss:1  | Noticed a golden eye
  2692 | Abyss:1  | Noticed a large abomination
  2699 | Abyss:1  | Noticed a large abomination
  2707 | Abyss:1  | XOM: cleaving
  2729 | Abyss:1  | Slain by an unseen horror

Skill      XL: |  1  2  3 |
---------------+----------+-----
Polearms       | 3 4 |  4.4
Shields        | 1 |  1.8
Fighting       | 4 |  4.2
Armour         | |  1.3
Dodging        | |  0.6

Action                   |  1- 3 |  4- 6 || total
-------------------------+-------+-------++-------
Melee: Spear             |   103 |    42 ||   145
       Kick              |    10 |     7 ||    17
  Use: Scroll            |       |     1 ||     1
 Stab: Paralysed         |     4 |       ||     4
       Confused          |       |     1 ||     1
  Eat: Chunk             |     1 |     3 ||     4
Armor: Leather armour    |    21 |    15 ||    36
Dodge: Dodged            |    21 |     6 ||    27
Block: Shield            |     1 |       ||     1
       Buckler           |     4 |     2 ||     6
